Map: Dusk Towers

Players

Suffering - Winner!

  • Race: Protoss Protoss
  • Spawn Location: 7:00

Fropez

  • Race: Protoss Protoss
  • League: Silver
  • Spawn Location: 1:00

VOD

Have the link to the VOD?

Description

Time

  • Played on: May 17, 2016, 6:51 p.m.
  • Length: 14:33
Show
View Real Time Build Order
Export as new Build Order

Suffering Protoss - Winner!

Build Orders: Nexus First 

Get SALT Encoding   

  12  0:01  Probe (Chrono Boost)  
  13  0:12  Probe (Chrono Boost)  
  14  0:22  Probe (Chrono Boost)  
  15  0:30  Pylon  
  15  0:48  Probe (Chrono Boost)  
  16  0:58  Probe (Chrono Boost)  
  16  1:02  Nexus  
  17  1:13  Gateway  
  17  1:26  Probe (Chrono Boost), Assimilator  
  18  1:33  Assimilator  
  18  1:36  Probe (Chrono Boost)  
  19  1:47  Probe (Chrono Boost)  
  19  1:52  Forge  
  20  1:56  Pylon  
  20  1:58  Probe (Chrono Boost)  
  22  2:08  Probe (Chrono Boost)  
  22  2:14  Cybernetics Core  
  22  2:19  Probe (Chrono Boost)  
  23  2:29  Probe (Chrono Boost)  
  24  2:30  Probe (Chrono Boost)  
  25  2:40  Probe x2 (Chrono Boost)  
  27  2:49  Photon Cannon  
  29  2:51  Probe (Chrono Boost)  
  28  3:02  Probe (Chrono Boost)  
  28  3:03  Mothership Core (Chrono Boost)  
  31  3:12  Probe (Chrono Boost)  
  32  3:15  Photon Cannon  
  32  3:22  Pylon  
  32  3:23  Probe (Chrono Boost)  
  32  3:25  Probe (Chrono Boost)  
  34  3:33  Probe (Chrono Boost)  
  35  3:36  Probe (Chrono Boost)  
  36  3:44  Probe (Chrono Boost)  
  36  3:46  Probe (Chrono Boost), Stargate  
  38  3:54  Probe (Chrono Boost)  
  39  3:57  Probe (Chrono Boost)  
  39  4:02  Nexus  
  40  4:04  Pylon  
  40  4:05  Probe (Chrono Boost)  
  40  4:07  Probe (Chrono Boost)  
  42  4:15  Probe (Chrono Boost)  
  43  4:18  Probe (Chrono Boost)  
  43  4:21  Assimilator  
  44  4:25  Probe (Chrono Boost), Assimilator, Robotics Facility  
  44  4:28  Probe (Chrono Boost)  
  44  4:30  Oracle (Chrono Boost)  
  49  4:35  Probe  
  50  4:40  Probe  
  50  4:45  Probe  
  51  4:52  Probe  
  53  4:56  Probe  
  53  4:57  Robotics Facility  
  53  4:59  Warp Gate  
  54  5:02  Oracle (Chrono Boost), Robotics Facility  
  54  5:04  Probe  
  54  5:06  Probe  
  59  5:16  Probe  
  59  5:17  Probe  
  61  5:27  Probe  
  61  5:28  Probe  
  62  5:30  Protoss Ground Weapons Level 1 (Chrono Boost)  
  63  5:38  Probe  
  63  5:40  Probe  
  65  5:48  Probe  
  65  5:52  Probe  
  65  5:54  Immortal x2  
  75  5:59  Probe  
  75  6:02  Pylon  
  75  6:03  Assimilator  
  76  6:04  Probe  
  76  6:08  Assimilator  
  77  6:16  Photon Cannon  
  77  6:17  Pylon  
  77  6:20  Pylon, Immortal  
  81  6:27  Forge  
  81  6:29  Twilight Council  
  81  6:52  Immortal x2  
  89  7:15  Protoss Ground Weapons Level 2 (Chrono Boost)  
  89  7:27  Immortal  
  93  7:31  Immortal  
  93  7:32  Robotics Facility  
  93  7:33  Robotics Bay  
  93  7:36  Gateway  
  97  7:37  Gateway  
  97  7:38  Gateway  
  97  7:41  Gateway  
  97  7:44  Gateway  
  97  7:45  Gateway  
  97  7:51  Protoss Ground Armor Level 1 (Chrono Boost)  
  97  7:57  Nexus  
  97  8:00  Assimilator  
  97  8:04  Assimilator  
  97  8:07  Pylon  
  97  8:20  Dark Shrine  
  97  8:21  Pylon  
  97  8:59  Pylon  
  97  9:00  Pylon  
  97  9:06  Pylon, Photon Cannon  
  97  9:09  Pylon  
  97  9:10  Disruptor  
  97  9:11  Disruptor x3  
  109  9:26  Photon Cannon  
  109  9:29  Photon Cannon  
  109  9:30  Dark Shrine  
  109  9:31  Protoss Shields Level 1 (Chrono Boost)  
  109  9:34  Photon Cannon x2  
  109  10:02  Protoss Ground Weapons Level 3 (Chrono Boost)  
  109  10:22  Immortal x2  
  109  10:23  Immortal x2  
  125  10:30  Pylon  
  119  11:04  Gateway  
  119  11:05  Gateway  
  119  11:07  Gateway  
  119  11:09  Gateway  
  119  11:10  Protoss Ground Armor Level 2 (Chrono Boost), Gateway  
  119  11:12  Gateway  
  119  11:13  Gateway  
  119  11:15  Disruptor x2, Observer x2, Gateway  
  119  11:17  Gateway  
  127  11:21  Dark Templar x3  
  127  11:22  Dark Templar x3  
  139  11:33  Archon x2  
  139  11:34  Archon  
  139  11:49  Nexus  
  138  12:01  Dark Templar  
  138  12:02  Dark Templar x4  
  138  12:03  Dark Templar  
  150  12:09  Pylon  
  150  12:12  Pylon, Archon x2  
  150  12:13  Archon  
  150  12:14  Photon Cannon  
  150  12:16  Pylon  
  150  12:20  Pylon  
  150  12:22  Pylon  
  150  12:27  Dark Templar  
  150  12:28  Dark Templar x3  
  150  12:29  Dark Templar x4  
  166  12:30  Dark Templar  
  168  12:54  Archon x2  
  168  12:55  Archon x2  
  168  13:21  Nexus  
  168  13:25  Assimilator  
  168  13:29  Assimilator  
  168  13:31  Pylon  
  168  13:34  Pylon  
  168  13:44  Cybernetics Core  
  168  13:48  Dark Templar x2  
  170  13:49  Dark Templar x5  
  170  13:50  Dark Templar x2  
  186  13:59  Archon x4  
  186  14:01  Archon  
  186  14:09  Photon Cannon  
  186  14:11  Photon Cannon  
  186  14:13  Photon Cannon  
  186  14:15  Photon Cannon  
  186  14:17  Photon Cannon  
  186  14:19  Photon Cannon  
  186  14:23  Photon Cannon  
  186  14:24  Photon Cannon  
Show
View Real Time Build Order
Export as new Build Order

Fropez Protoss 

Build Orders:  

Get SALT Encoding   

  12  0:11  Pylon  
  12  0:13  Probe (Chrono Boost)  
  13  0:31  Gateway  
  13  0:35  Probe (Chrono Boost)  
  14  0:49  Probe (Chrono Boost)  
  15  0:51  Gateway  
  15  1:00  Probe (Chrono Boost)  
  15  1:01  Assimilator  
  16  1:10  Probe (Chrono Boost)  
  17  1:21  Cybernetics Core  
  17  1:25  Probe (Chrono Boost)  
  18  1:34  Pylon  
  18  1:36  Probe (Chrono Boost)  
  19  1:47  Probe (Chrono Boost), Assimilator  
  20  1:57  Probe (Chrono Boost)  
  21  2:07  Warp Gate (Chrono Boost)  
  21  2:25  Pylon  
  21  2:36  Probe  
  22  2:44  Robotics Facility  
  22  2:51  Gateway  
  22  2:53  Gateway  
  22  2:54  Pylon  
  22  3:00  Probe  
  23  3:15  Probe  
  23  3:16  Gateway  
  23  3:19  Pylon  
  28  3:36  Observer  
  28  3:39  Mothership Core (Chrono Boost)  
  27  3:51  Forge  
  27  3:57  Immortal (Chrono Boost)  
  31  4:21  Probe  
  32  4:24  Protoss Ground Weapons Level 1 (Chrono Boost)  
  32  4:35  Immortal  
  36  4:50  Nexus  
  36  4:51  Pylon, Probe  
  37  5:04  Stalker  
  43  5:14  Immortal  
  43  5:20  Probe  
  44  5:23  Stalker  
  44  5:25  Stalker  
  48  5:39  Stalker  
  50  5:45  Stalker  
  52  5:54  Probe  
  52  6:00  Probe  
  53  6:11  Probe  
  54  6:12  Protoss Ground Armor Level 1 (Chrono Boost)  
  54  6:18  Stalker  
  56  6:25  Assimilator  
  56  6:28  Assimilator  
  56  6:29  Probe x2  
  56  6:30  Pylon  
  58  6:34  Stalker  
  60  6:40  Warp Prism  
  62  6:54  Probe x2  
  63  7:04  Probe  
  63  7:07  Probe  
  65  7:15  Twilight Council, Probe  
  65  7:22  Probe  
  61  7:28  Probe  
  62  7:34  Immortal  
  66  7:40  Probe x2  
  66  7:41  Pylon  
  68  7:44  Gateway  
  66  7:51  Protoss Shields Level 1 (Chrono Boost)  
  66  7:53  Stalker x2  
  54  8:08  Probe  
  54  8:09  Probe  
  56  8:13  Photon Cannon  
  56  8:17  Blink  
  56  9:12  Observer  
  56  9:16  Probe  
  57  9:17  Nexus, Probe  
  57  9:20  Assimilator  
  59  9:24  Assimilator  
  59  9:27  Pylon  
  59  9:29  Pylon  
  59  9:30  Protoss Ground Weapons Level 2 (Chrono Boost)  
  59  9:31  Probe x2  
  60  9:32  Pylon  
  61  9:47  Probe  
  61  9:48  Probe  
  61  9:51  Immortal  
  67  9:57  Probe  
  68  10:00  Probe  
  69  10:09  Stalker x2  
  73  10:15  Pylon  
  73  10:25  Probe  
  73  10:26  Probe  
  75  10:31  Observer  
  75  10:34  Probe  
  76  10:38  Dark Shrine  
  68  10:46  Stalker x2  
  72  11:20  Nexus  
  72  11:22  Assimilator  
  72  11:27  Assimilator  
  72  11:30  Pylon  
  72  11:32  Robotics Bay  
  72  11:38  Probe  
  72  11:39  Probe x2  
  75  12:00  Probe  
  76  12:02  Probe  
  76  12:03  Probe  
  78  12:14  Robotics Facility  
  78  12:15  Pylon, Probe  
  77  12:37  Probe  
  77  12:38  Probe x3  
  81  12:53  Gravitic Drive  
  81  13:06  Probe x3  
  81  13:07  Probe, Gateway  
  81  13:08  Gateway  
  81  13:10  Gateway  
  85  13:13  Pylon  
  85  13:19  Warp Prism  
  87  13:23  Warp Prism  
  87  13:25  Probe  
  87  13:26  Probe  
  90  13:36  Probe  
  90  13:37  Probe x2  
  90  13:38  Probe  
  94  13:55  Observer  
  95  13:59  Observer  
  96  14:04  Probe  
  96  14:05  Probe x3  
  102  14:23  Nexus  
  104  14:25  Assimilator  
  104  14:28  Pylon  
  104  14:30  Pylon  
Tags
 
League
Silver
Matchup
PvP
Replay Pack
All Mines
Spawn Locations
Cross Positions
Add a new tag
Caveats
  • Supply blocks, unpowered buildings, or Contaminate may cause inaccurate times.
  • Supply counts are checked every 10 seconds.